[Event "Western Asian Girls Chess-ch 2023"]
[Site "Colombo"]
[Date "2023.12.01"]
[Round "3.6"]
[White "Ahmed, Walijah"]
[Black "Sagar Siya"]
[Result "1-0"]
[ECO "C97"]
[WhiteElo "1858"]
[BlackElo "1537"]
[Annotator "NA RC"]
[PlyCount "97"]
[EventDate "2023.11.30"]
[EventCountry "SRI"]
[SourceTitle "playchess.com"]
[Source "ChessBase"]
[SourceQuality "1"]
[TimeControl "5400+30"]

1. e4 e5 2. Nf3 Nc6 3. Bb5 a6 4. Ba4 Nf6 5. O-O Be7 6. Re1 b5 7. Bb3 d6 8. c3 O-O 9. h3 Na5 10. Bc2 c5 11. d4 Qc7 12. d5 Ne8 13. b3 g6 14. Bh6 Ng7 15. Nbd2 f6 16. Nf1 Bd7 17. g4 Qc8 18. Ng3 Nb7 19. b4 Nd8 20. a4 cxb4 21. cxb4 Nf7 22. Bxg7 Kxg7 23. Qd2 Rh8 24. axb5 axb5 25. Bd3 h5 26. gxh5 gxh5 27. Nf5+ Bxf5 28. exf5 Nh6 29. Nh4 Kh7 30. Kh2 Rg8 31. Rxa8 Qxa8 32. Bxb5 Qb7 33. Bc6 Qc8 34. Qd3 Rg5 35. f4 Rg7 36. b5 Qc7 37. Qe3 Qa5 38. Rg1 Qa2+ 39. Kh1 Bd8 40. Rxg7+ Kxg7 41. Qg1+ Kf8 42. Ng6+ Kf7 43. fxe5 dxe5 44. Nxe5+ fxe5 45. Qg6+ Ke7 46. f6+ Kd6 47. f7+ Kc7 48. f8=Q Qa1+ 49. Qg1 1-0

[Event "Western Asian Girls Chess-ch 2023"]
[Site "Colombo"]
[Date "2023.12.01"]
[Round "3.7"]
[White "Pallie, Ehsha Mishela"]
[Black "Ramanayake, Nemindi Linaya"]
[Result "1/2-1/2"]
[ECO "B13"]
[WhiteElo "1569"]
[BlackElo "1361"]
[Annotator "NA RC"]
[PlyCount "103"]
[EventDate "2023.11.30"]
[EventCountry "SRI"]
[SourceTitle "playchess.com"]
[Source "ChessBase"]
[SourceQuality "1"]
[TimeControl "5400+30"]

1. e4 c6 2. d4 d5 3. exd5 cxd5 4. Bd3 Nc6 5. c3 Nf6 6. h3 g6 7. Nf3 Bg7 8. Qc2 Qc7 9. O-O O-O 10. Re1 Nd7 11. Qb3 Nb6 12. a4 e6 13. Na3 a6 14. Be3 Bd7 15. Qd1 Na5 16. Bc2 Rac8 17. b3 Na8 18. Bd2 Nc6 19. Qe2 f6 20. c4 Kh8 21. g3 Rce8 22. Kg2 Qd6 23. Bc3 e5 24. dxe5 fxe5 25. cxd5 Qxd5 26. Be4 Qxb3 27. Bd2 Nd4 28. Qc4 Qxc4 29. Nxc4 Nxf3 30. Bxf3 e4 31. Be2 Bxa1 32. Rxa1 h5 33. Bb4 Bc6 34. Bxf8 Rxf8 35. Ne5 Be8 36. Rb1 Rf5 37. Nc4 Bc6 38. Nd6 e3+ 39. f3 Rc5 40. Rb3 Bxa4 41. Rxe3 Nc7 42. Nxb7 Rc2 43. Kf1 Rc1+ 44. Kf2 Rc2 45. Nd6 Nd5 46. Re5 Nc3 47. Ke1 Rxe2+ 48. Rxe2 Nxe2 49. Kxe2 Kg7 50. Ke3 Bd7 51. h4 a5 52. Ke4 1/2-1/2

[Event "Western Asian Girls Chess-ch 2023"]
[Site "Colombo"]
[Date "2023.12.01"]
[Round "3.8"]
[White "Rathnayake, R M Dulinma Hemalni"]
[Black "Sasvatha A"]
[Result "1/2-1/2"]
[ECO "B19"]
[WhiteElo "1532"]
[BlackElo "1568"]
[Annotator "NA RC"]
[PlyCount "156"]
[EventDate "2023.11.30"]
[EventCountry "SRI"]
[SourceTitle "playchess.com"]
[Source "ChessBase"]
[SourceQuality "1"]
[TimeControl "5400+30"]

1. e4 c6 2. d4 d5 3. Nc3 dxe4 4. Nxe4 Bf5 5. Ng3 Bg6 6. h4 h6 7. Nf3 Nd7 8. h5 Bh7 9. Bd3 Bxd3 10. Qxd3 Ngf6 11. Bd2 Qc7 12. O-O-O O-O-O 13. Kb1 e6 14. Ne4 Nxe4 15. Qxe4 Nf6 16. Qe2 Rd5 17. c4 Rxh5 18. Rxh5 Nxh5 19. d5 Bd6 20. Nd4 Be5 21. Nxc6 bxc6 22. Qxh5 g6 23. Qf3 exd5 24. cxd5 Rd8 25. Bxh6 Qb7 26. Qe2 Bf6 27. Qc2 Kb8 28. Bf4+ Ka8 29. d6 Qd7 30. Rc1 Rb8 31. Qxc6+ Qxc6 32. Rxc6 Rxb2+ 33. Kc1 Rxf2 34. d7 Be7 35. g3 Rxa2 36. d8=Q+ Bxd8 37. Rc8+ Kb7 38. Rxd8 f6 39. Rd7+ Kc8 40. Rd6 g5 41. Bd2 Ra1+ 42. Kc2 Rg1 43. Rd3 Rf1 44. Kb3 Kc7 45. Kc4 Kc6 46. Ra3 Rf2 47. Be3 Rf3 48. Bc5 Rf1 49. Bxa7 Kd6 50. Ra6+ Ke7 51. Bd4 Rf3 52. Kd5 Rxg3 53. Ra7+ Kf8 54. Ke6 Kg8 55. Bxf6 Re3+ 56. Be5 g4 57. Rg7+ Kf8 58. Rxg4 Re1 59. Rg3 Re2 60. Rh3 Rg2 61. Rh8+ Rg8 62. Rh7 Rg6+ 63. Bf6 Rg2 64. Be5 Rg6+ 65. Kf5 Rg1 66. Kf6 Rf1+ 67. Ke6 Rg1 68. Rh8+ Rg8 69. Bd6+ Kg7 70. Rh2 Re8+ 71. Be7 Ra8 72. Bf6+ Kg6 73. Rg2+ Kh5 74. Kf5 Ra5+ 75. Be5 Ra4 76. Rg8 Ra6 77. Rh8+ Rh6 78. Rxh6+ Kxh6 1/2-1/2

[Event "Western Asian Girls Chess-ch 2023"]
[Site "Colombo"]
[Date "2023.12.01"]
[Round "4.1"]
[White "Rindhiya V"]
[Black "Gunawardhana, Devindya Oshini"]
[Result "0-1"]
[ECO "C78"]
[WhiteElo "1876"]
[BlackElo "1741"]
[Annotator "NA RC"]
[PlyCount "88"]
[EventDate "2023.11.30"]
[EventCountry "SRI"]
[SourceTitle "playchess.com"]
[Source "ChessBase"]
[SourceQuality "1"]
[TimeControl "5400+30"]

1. e4 e5 2. Nf3 Nc6 3. Bb5 a6 4. Ba4 Nf6 5. O-O b5 6. Bb3 Bb7 7. Re1 Bc5 8. c3 d6 9. d4 Bb6 10. Be3 {[%emt 0:07:11] 10.a4 is becoming the main line.} O-O 11. Nbd2 h6 12. d5 Ne7 13. Bxb6 cxb6 14. Nf1 {[%emt 0:03:09] has lost popularity (14.Bc2).} Ng6 15. g3 Bc8 16. Bc2 {[%emt 0:01:18] [#]} Ne7 $146 ({Predecessor:} 16... Bg4 17. Ne3 Bh5 18. h3 Qd7 19. g4 Nf4 20. gxh5 Nxh3+ 21. Kf1 Nf4 22. Nh2 Rac8 {½-½ Ansat,A (2396)-Shaposhnikov,E (2529) Cheliabinsk Panchenko Memorial op-A 2021 (2)}) 17. Ne3 Ng4 18. Nh4 Nf6 19. f4 Nd7 20. f5 Kh7 21. g4 g6 22. fxg6+ fxg6 23. Nhg2 Ng8 24. h4 Ngf6 25. Rf1 Nc5 26. Qf3 Bd7 27. b4 Nb7 28. h5 Nxg4 29. hxg6+ Kg7 30. Nf5+ Bxf5 31. exf5 Nf6 32. a4 bxa4 33. Bxa4 b5 34. Bb3 a5 35. bxa5 Nxa5 36. Rab1 Qc7 37. Kh1 Qc5 38. Qe3 (38. Ba2 $17 {is a better defense.}) 38... Nxb3 (38... Nxd5 $2 39. Qxc5 {[%mdl 64] Remove Defender} dxc5 40. Bxd5 $18) 39. Rxb3 Qxd5 40. Rfb1 $2 (40. Rb2 $17 {was necessary.}) 40... Ra2 41. R3b2 Rxb2 42. Rxb2 Qd1+ 43. Ne1 $19 Qh5+ 44. Rh2 Qxh2+ 0-1

[Event "Western Asian Girls Chess-ch 2023"]
[Site "Colombo"]
[Date "2023.12.01"]
[Round "4.2"]
[White "Agajanova, Meryem"]
[Black "Sultanbek, Zeinep"]
[Result "0-1"]
[ECO "E66"]
[WhiteElo "1854"]
[BlackElo "2008"]
[Annotator "NA RC"]
[PlyCount "62"]
[EventDate "2023.11.30"]
[EventCountry "SRI"]
[SourceTitle "playchess.com"]
[Source "ChessBase"]
[SourceQuality "1"]
[TimeControl "5400+30"]

1. d4 Nf6 2. c4 g6 3. g3 Bg7 4. Bg2 O-O 5. Nc3 c5 6. Nf3 Nc6 7. d5 Na5 8. Nd2 d6 9. O-O a6 10. Qc2 Rb8 11. b3 b5 12. Bb2 Bh6 13. f4 bxc4 14. bxc4 Ng4 15. Nd1 Rxb2 16. Qxb2 Bg7 17. Qc1 Bd4+ 18. Kh1 e5 19. dxe6 Bxe6 20. Rb1 d5 21. cxd5 Bxd5 22. Nf3 Bxa2 23. Nxd4 Qxd4 24. e3 Nxe3 25. Rb2 Nxf1 26. Rxa2 Nb3 27. Qc2 Ne3 28. Nxe3 Qxe3 29. Bd5 Nc1 30. Rxa6 Nd3 31. Ra1 Qd4 0-1

[Event "Western Asian Girls Chess-ch 2023"]
[Site "Colombo"]
[Date "2023.12.01"]
[Round "4.3"]
[White "Sachi Jain"]
[Black "Ahmed, Walijah"]
[Result "1-0"]
[ECO "B30"]
[WhiteElo "1743"]
[BlackElo "1858"]
[Annotator "NA RC"]
[PlyCount "79"]
[EventDate "2023.11.30"]
[EventCountry "SRI"]
[SourceTitle "playchess.com"]
[Source "ChessBase"]
[SourceQuality "1"]
[TimeControl "5400+30"]

1. e4 c5 2. Nf3 e6 3. d3 Nc6 4. g3 Nf6 5. Bg2 d6 6. c3 Be7 7. O-O O-O 8. Re1 Qc7 9. Na3 a6 10. h3 Bd7 11. Nh2 b5 12. f4 Rab8 13. g4 b4 14. Nc2 bxc3 15. bxc3 Qa5 16. Qd2 Ne8 17. g5 f6 18. h4 fxg5 19. hxg5 Rf7 20. Ne3 Bf8 21. Nhg4 Ne7 22. Rf1 Bc6 23. Bh3 Bd7 24. Nc4 Qa4 25. Qf2 Ng6 26. Qg3 Qc2 27. Bd2 Ne7 28. Rfc1 Qa4 29. Nge3 g6 30. Rf1 Qc6 31. Bg4 Bg7 32. Qh3 d5 33. Ne5 Bxe5 34. fxe5 Rxf1+ 35. Rxf1 dxe4 36. dxe4 Rb2 $18 {[%emt 0:00:57] [#]} (36... c4 37. Bc1 (37. Qf3 Kh8 $18) 37... Ng7) 37. Qf3 $2 Kh8 38. Nc4 Rxa2 39. Nd6 Rxd2 40. Qf8+ 1-0

[Event "Western Asian Girls Chess-ch 2023"]
[Site "Colombo"]
[Date "2023.12.01"]
[Round "4.4"]
[White "Gamage, Desandhi Dhihansa"]
[Black "Shohradova, Lala"]
[Result "1-0"]
[ECO "C07"]
[WhiteElo "1608"]
[BlackElo "1846"]
[Annotator "NA RC"]
[PlyCount "85"]
[EventDate "2023.11.30"]
[EventCountry "SRI"]
[SourceTitle "playchess.com"]
[Source "ChessBase"]
[SourceQuality "1"]
[TimeControl "5400+30"]

1. e4 e6 2. d4 d5 3. Nd2 c5 4. exd5 Qxd5 5. dxc5 Bxc5 6. Ngf3 Nf6 7. Bc4 Qc6 8. Qe2 a6 9. O-O Nbd7 10. a4 b6 11. c3 Bb7 12. b4 Bd6 13. b5 axb5 14. Bxb5 Qxc3 15. Nc4 Bc5 16. Bb2 Qb3 17. Rfd1 Nd5 18. Rd3 Nf4 19. Bxd7+ Ke7 20. Rxb3 Nxe2+ 21. Kf1 Nf4 22. Bb5 Rhd8 23. Ba3 Bd5 24. Nxb6 Bxb3 25. Bxc5+ Kf6 26. Nxa8 Rxa8 27. Bd6 g5 28. a5 Bd5 29. a6 Nxg2 30. Kxg2 g4 31. Be2 Rg8 32. Bg3 h5 33. Bh4+ Kg7 34. Kg3 gxf3 35. Bxf3 Kh6+ 36. Kf4 e5+ 37. Ke3 e4 38. Bxe4 Re8 39. f3 f5 40. Kd4 Bxe4 41. fxe4 Rxe4+ 42. Kd5 Rxh4 43. a7 1-0

[Event "Western Asian Girls Chess-ch 2023"]
[Site "Colombo"]
[Date "2023.12.01"]
[Round "4.5"]
[White "Bhagyashree Patil"]
[Black "Tharushi, T H D Niklesha"]
[Result "1-0"]
[ECO "E43"]
[WhiteElo "1830"]
[BlackElo "1552"]
[Annotator "NA RC"]
[PlyCount "63"]
[EventDate "2023.11.30"]
[EventCountry "SRI"]
[SourceTitle "playchess.com"]
[Source "ChessBase"]
[SourceQuality "1"]
[TimeControl "5400+30"]

1. d4 Nf6 2. Nf3 e6 3. e3 b6 4. c4 Bb7 5. Nc3 Bb4 6. Bd3 O-O 7. O-O c5 8. a3 Bxc3 9. bxc3 d5 10. cxd5 exd5 11. c4 Qc7 12. dxc5 dxc4 13. Bxc4 Qxc5 14. Qd4 Rc8 15. Be2 Qe7 16. Rd1 Nc6 17. Qh4 Ne5 18. Bb2 Bxf3 19. Bxf3 Nxf3+ 20. gxf3 Rc6 21. Kh1 Qe6 22. Rg1 Qf5 23. Rg3 Nh5 24. Rh3 Rh6 25. Rg1 f6 26. e4 Qd7 27. Bxf6 Rxf6 28. Qxh5 g6 29. Rhg3 Qf7 30. f4 Rxf4 31. Rxg6+ Kh8 32. Qe5+ 1-0

[Event "Western Asian Girls Chess-ch 2023"]
[Site "Colombo"]
[Date "2023.12.01"]
[Round "4.6"]
[White "Sanudula, K M Dahamdi"]
[Black "Newansa, M Esandi"]
[Result "1-0"]
[ECO "D00"]
[WhiteElo "1709"]
[BlackElo "1531"]
[Annotator "NA RC"]
[PlyCount "156"]
[EventDate "2023.11.30"]
[EventCountry "SRI"]
[SourceTitle "playchess.com"]
[Source "ChessBase"]
[SourceQuality "1"]
[TimeControl "5400+30"]

1. d4 d5 2. e3 Nf6 3. Bd3 Nc6 4. f4 Nb4 5. Bb5+ c6 6. Ba4 b5 7. Bb3 c5 8. c3 Nc6 9. Bc2 c4 10. Nd2 Bb7 11. Ngf3 e6 12. O-O Bd6 13. Ne5 Qc7 14. Qe2 Ne7 15. Qf3 a5 16. g4 Ng6 17. h3 Qe7 18. e4 Nh4 19. Qe2 Bxe5 20. fxe5 Nd7 21. exd5 exd5 22. Nf3 Nxf3+ 23. Qxf3 Nf8 24. Bd2 Ne6 25. Qf2 a4 26. Qf5 Bc8 27. Qf3 Bb7 28. Rf2 Ra7 29. Rb1 Bc6 30. b3 cxb3 31. axb3 Rb7 32. bxa4 bxa4 33. Ra1 Ra7 34. Bc1 Nd8 35. Ba3 Qh4 36. Bc5 Ra8 37. Bb6 O-O 38. Bc5 Re8 39. Kg2 Kh8 40. Qg3 Qxg3+ 41. Kxg3 Ne6 42. Bd6 Kg8 43. h4 Ra7 44. Bd1 Rc8 45. Rfa2 Bb5 46. Bb4 Rca8 47. Kf3 Nf8 48. Bxf8 Kxf8 49. Rb2 Bc4 50. Ra3 Rc7 51. Rxa4 Rac8 52. Ra3 Bd3 53. Rbb3 Bc4 54. Rb1 Bd3 55. Rc1 Rc4 56. Ke3 Be4 57. Be2 R4c7 58. Bd3 Bxd3 59. Kxd3 Ke7 60. Ra5 Ke6 61. Ra6+ Rc6 62. Rca1 g6 63. R1a5 R8c7 64. Kd2 Rc8 65. c4 Rxa6 66. Rxa6+ Ke7 67. cxd5 Rc4 68. Kd3 Rb4 69. Ra7+ Ke8 70. e6 fxe6 71. dxe6 h5 72. g5 Rb3+ 73. Ke4 Rh3 74. d5 Rh1 75. d6 Re1+ 76. Kd5 Rd1+ 77. Ke5 Kf8 78. Kf6 Rxd6 1-0

[Event "Western Asian Girls Chess-ch 2023"]
[Site "Colombo"]
[Date "2023.12.01"]
[Round "4.7"]
[White "Sasvatha A"]
[Black "Bayrambayeva, Ogulsuray"]
[Result "1/2-1/2"]
[ECO "D02"]
[WhiteElo "1568"]
[BlackElo "1909"]
[Annotator "RC"]
[PlyCount "70"]
[EventDate "2023.11.30"]
[EventCountry "SRI"]
[SourceTitle "playchess.com"]
[Source "ChessBase"]
[SourceQuality "1"]
[TimeControl "5400+30"]

1. d4 d5 2. Nf3 Nf6 3. Bf4 e6 4. e3 c5 5. c3 Bd6 6. Bxd6 Qxd6 7. Ne5 Nc6 8. Bb5 O-O 9. f4 Ne7 10. Bd3 c4 11. Bc2 Nf5 12. Qc1 Qe7 13. O-O Nd6 14. Nd2 b5 15. Rf3 Nfe4 16. Bxe4 dxe4 17. Rf1 Bb7 18. Ng4 Qh4 19. Nf2 f5 20. a3 a6 21. Qe1 Ne8 22. Kh1 Kh8 23. Rg1 Nf6 24. Qe2 Nd5 25. Nh3 Rf6 26. Ng5 Qh6 27. Rae1 Bc6 28. g4 Rff8 29. Rg3 Qf6 30. Nh3 Be8 31. Reg1 Ra7 32. Ng5 Bg6 33. Nh3 Qd8 34. Nf2 Rb7 35. Nh3 Ra7 1/2-1/2

[Event "Western Asian Girls Chess-ch 2023"]
[Site "Colombo"]
[Date "2023.12.01"]
[Round "4.8"]
[White "Piyumanthi, M Sayumi Vimansa"]
[Black "Pallie, Ehsha Mishela"]
[Result "0-1"]
[ECO "E15"]
[WhiteElo "1328"]
[BlackElo "1569"]
[Annotator "NA RC"]
[PlyCount "110"]
[EventDate "2023.11.30"]
[EventCountry "SRI"]
[SourceTitle "playchess.com"]
[Source "ChessBase"]
[SourceQuality "1"]
[TimeControl "5400+30"]

1. d4 Nf6 2. c4 e6 3. Nf3 b6 4. g3 Ba6 5. Qc2 c5 6. Bg2 Nc6 7. dxc5 Bxc5 8. a3 Bb7 9. O-O O-O 10. b4 Be7 11. Bb2 Rc8 12. Qb3 a5 13. b5 Nb8 14. Nc3 Qc7 15. Nd2 Bxg2 16. Kxg2 d6 17. Na4 Nbd7 18. Rac1 Rfd8 19. Rfd1 Nc5 20. Nxc5 Qxc5 21. Nf3 e5 22. a4 Qc7 23. Nh4 Ne4 24. Nf5 Bg5 25. Ne3 Nc5 26. Qc2 Qb7+ 27. Kg1 Bxe3 28. fxe3 Qe7 29. e4 Qg5 30. Kf2 Qg6 31. Ke3 Qh6+ 32. Kf3 Qh5+ 33. Kg2 Nxa4 34. Ba3 Nc5 35. Bxc5 dxc5 36. Rxd8+ Rxd8 37. Rd1 Rd4 38. Rd2 Qg5 39. Rd1 Qe3 40. Kf1 h6 41. Kg2 Rxd1 42. Qxd1 Qxe4+ 43. Kh3 Qd4 44. Qh1 e4 45. Qc1 a4 46. Qf4 a3 47. Qb8+ Kh7 48. Qa7 Qxc4 49. Qxb6 Qe6+ 50. Qxe6 fxe6 51. b6 a2 52. b7 a1=Q 53. b8=Q Qf1+ 54. Kg4 Qf5+ 55. Kh4 g5+ 0-1

[Event "Western Asian Girls Chess-ch 2023"]
[Site "Colombo"]
[Date "2023.12.02"]
[Round "5.1"]
[White "Gunawardhana, Devindya Oshini"]
[Black "Sultanbek, Zeinep"]
[Result "0-1"]
[ECO "B92"]
[WhiteElo "1741"]
[BlackElo "2008"]
[Annotator "NA RC"]
[PlyCount "140"]
[EventDate "2023.11.30"]
[EventCountry "SRI"]
[SourceTitle "playchess.com"]
[Source "ChessBase"]
[SourceQuality "1"]
[TimeControl "5400+30"]

1. e4 c5 2. Nf3 d6 3. d4 cxd4 4. Nxd4 Nf6 5. Nc3 a6 6. Be2 e5 7. Nf3 Be7 8. Bg5 Be6 9. Bxf6 Bxf6 10. O-O Be7 11. Nd5 Nd7 12. Bc4 Rc8 13. Qe2 O-O 14. Rfd1 Kh8 15. Ne3 Qc7 16. Bb3 Qc6 17. Bd5 Qb6 18. b3 Nc5 19. Nd2 Qc7 20. a4 Bd7 21. Bc4 Bc6 22. Nf5 Bf6 23. Ng3 g6 24. Ndf1 Qe7 25. c3 Bg5 26. Qc2 h5 27. Bd5 h4 28. Ne2 Kg7 29. Ne3 Bxe3 30. fxe3 Qg5 31. Rd3 Bxd5 32. exd5 e4 33. Rdd1 Qxe3+ 34. Kh1 Nd3 35. Rf1 Nf2+ 36. Rxf2 Qxf2 37. Qxe4 Rfe8 38. Qd4+ Qxd4 39. Nxd4 Rxc3 40. Rd1 Ree3 41. Rf1 Rcd3 42. Nf3 Rxd5 43. Nxh4 Red3 44. Nf3 Rd1 45. Kg1 Rxf1+ 46. Kxf1 Rd3 47. b4 Rb3 48. Ke2 Rxb4 49. Nd2 Rxa4 50. Kd3 Ra2 51. h3 b5 52. g3 Ra3+ 53. Kc2 Rxg3 54. Ne4 Rxh3 55. Nxd6 Kf6 56. Ne4+ Ke5 57. Ng5 Rh2+ 58. Kb1 Rf2 59. Nh3 Rf1+ 60. Kb2 Kf5 61. Ka2 Kg4 62. Kb2 Kxh3 63. Ka2 Rf3 64. Kb2 g5 65. Ka2 g4 66. Kb2 g3 67. Ka2 g2 68. Kb2 g1=Q 69. Ka2 Qg2+ 70. Kb1 Rf1# 0-1

[Event "Western Asian Girls Chess-ch 2023"]
[Site "Colombo"]
[Date "2023.12.02"]
[Round "5.2"]
[White "Gamage, Desandhi Dhihansa"]
[Black "Rindhiya V"]
[Result "0-1"]
[ECO "C54"]
[WhiteElo "1608"]
[BlackElo "1876"]
[Annotator "NA RC"]
[PlyCount "96"]
[EventDate "2023.11.30"]
[EventCountry "SRI"]
[SourceTitle "playchess.com"]
[Source "ChessBase"]
[SourceQuality "1"]
[TimeControl "5400+30"]

1. e4 e5 2. Nf3 Nc6 3. Bc4 Bc5 4. c3 Nf6 5. d3 d6 6. Bb3 a6 7. h3 Ba7 8. O-O h6 9. Re1 O-O 10. Nbd2 Nh5 11. Nf1 Qf6 12. Be3 Nf4 13. Bxf4 Qxf4 14. Ne3 Ne7 15. d4 Qf6 16. Nh2 exd4 17. Neg4 Qg6 18. e5 Nc6 19. Qf3 h5 20. Nf6+ gxf6 21. exf6 Ne5 22. Rxe5 dxe5 23. Re1 Re8 24. Re4 Bf5 25. Rh4 e4 26. Qxh5 Qxh5 27. Rxh5 Be6 28. Rg5+ Kh7 29. Rg7+ Kh8 30. Rg5 Bxb3 31. Ng4 Bd1 32. Rh5+ Kg8 33. Nh6+ Kh7 34. g4 Kg6 35. Nf5 Rh8 36. Nh4+ Kxf6 37. Rf5+ Ke7 38. Ng2 Bf3 39. Nf4 d3 40. Re5+ Kd6 41. Rd5+ Kc6 42. Nxd3 Kxd5 43. Nf4+ Ke5 44. Nh5 Rxh5 45. gxh5 Rd8 46. Kh2 Bxf2 47. h6 Rd1 48. h7 Rh1# 0-1

[Event "Western Asian Girls Chess-ch 2023"]
[Site "Colombo"]
[Date "2023.12.02"]
[Round "5.3"]
[White "Bhagyashree Patil"]
[Black "Sachi Jain"]
[Result "1/2-1/2"]
[ECO "C54"]
[WhiteElo "1830"]
[BlackElo "1743"]
[Annotator "NA RC"]
[PlyCount "116"]
[EventDate "2023.11.30"]
[EventCountry "SRI"]
[SourceTitle "playchess.com"]
[Source "ChessBase"]
[SourceQuality "1"]
[TimeControl "5400+30"]

1. e4 e5 2. Nf3 Nc6 3. Bc4 Bc5 4. c3 Nf6 5. d3 d6 6. O-O O-O 7. h3 h6 8. Re1 Bb6 9. Bb3 Ne7 10. Nbd2 c6 11. Nf1 Ng6 12. g4 Nh7 13. d4 Qf6 14. Ng3 Ng5 15. Nxg5 hxg5 16. Nf5 Nf4 17. Bxf4 gxf4 18. dxe5 dxe5 19. Qd6 Bxf5 20. Qxf6 gxf6 21. exf5 Rad8 22. Rad1 Rxd1 23. Rxd1 Rd8 24. Rxd8+ Bxd8 25. f3 Bb6+ 26. Kf1 Be3 27. Bc2 Bc1 28. b3 Bb2 29. c4 Kg7 30. Ke2 Bd4 31. Be4 Bc5 32. h4 Kh6 33. Kd3 a5 34. Kc2 Bf2 35. h5 Bd4 36. Bd3 Bc5 37. Kb2 Kg5 38. Be4 Kh6 39. a3 Bd4+ 40. Ka2 Bc5 41. b4 axb4 42. a4 Bb6 43. Kb3 Ba5 44. c5 Kg5 45. Bc2 Kh6 46. Bd3 Kh7 47. Kc4 Kg7 48. Bc2 b3 49. Kxb3 Be1 50. Bd3 Bf2 51. Kc4 Be1 52. Bc2 Bd2 53. Bb3 Be1 54. Ba2 Bd2 55. Bb1 Be1 56. Bd3 Bd2 57. Kb3 Be3 58. Kb4 Bd2+ 1/2-1/2

[Event "Western Asian Girls Chess-ch 2023"]
[Site "Colombo"]
[Date "2023.12.02"]
[Round "5.4"]
[White "Pallie, Ehsha Mishela"]
[Black "Agajanova, Meryem"]
[Result "1-0"]
[ECO "C01"]
[WhiteElo "1569"]
[BlackElo "1854"]
[Annotator "NA RC"]
[PlyCount "125"]
[EventDate "2023.11.30"]
[EventCountry "SRI"]
[SourceTitle "playchess.com"]
[Source "ChessBase"]
[SourceQuality "1"]
[TimeControl "5400+30"]

1. e4 e6 2. d4 d5 3. exd5 exd5 4. Nf3 Nf6 5. Bd3 Bd6 6. O-O O-O 7. b3 Bg4 8. Bb2 Nbd7 9. Nbd2 c6 10. c4 Qc7 11. Qc2 h6 12. h3 Bxf3 13. Nxf3 Rfe8 14. Rfe1 Bb4 15. Rxe8+ Rxe8 16. c5 Qd8 17. a3 Ba5 18. b4 Bc7 19. b5 cxb5 20. Bxb5 Re6 21. Qa4 a6 22. Bd3 b6 23. Rc1 Nb8 24. Bf5 Re8 25. Qb3 g6 26. Bd3 Re6 27. Qc2 Nh5 28. cxb6 Bxb6 29. Qc8 Re8 30. Bxa6 Nxa6 31. Qxa6 Nf4 32. Re1 Re4 33. Bc3 Qf6 34. Qa8+ Kh7 35. Rxe4 dxe4 36. Qxe4 Bc7 37. Ne5 Qg5 38. Kh1 Bxe5 39. dxe5 Ne6 40. Qc2 Nf4 41. Qe4 Ne6 42. Bb4 Qc1+ 43. Qe1 Qb2 44. Bd6 Nf4 45. Qf1 Qc2 46. Kh2 Nd3 47. f4 Qd2 48. f5 g5 49. e6 fxe6 50. fxe6 Nf4 51. Bxf4 gxf4 52. e7 Qe3 53. a4 Kg7 54. Qf3 Qxe7 55. Qxf4 Qa7 56. Qe5+ Kg6 57. a5 Qa6 58. Qc7 Kg5 59. Qg7+ Kf5 60. g4+ Ke4 61. Qe7+ Kf3 62. Qe5 Qc6 63. Qg3+ 1-0

[Event "Western Asian Girls Chess-ch 2023"]
[Site "Colombo"]
[Date "2023.12.02"]
[Round "5.5"]
[White "Ahmed, Walijah"]
[Black "Sanudula, K M Dahamdi"]
[Result "1/2-1/2"]
[ECO "B01"]
[WhiteElo "1858"]
[BlackElo "1709"]
[Annotator "NA RC"]
[PlyCount "60"]
[EventDate "2023.11.30"]
[EventCountry "SRI"]
[SourceTitle "playchess.com"]
[Source "ChessBase"]
[SourceQuality "1"]
[TimeControl "5400+30"]

1. e4 d5 2. exd5 Qxd5 3. Nc3 Qa5 4. d4 Nf6 5. Nf3 Bf5 6. Bc4 e6 7. Bd2 Bb4 8. Qe2 c6 9. O-O-O Nbd7 10. Ne5 Nxe5 11. dxe5 Nd5 12. Nxd5 cxd5 13. Bb5+ Kf8 14. Bxb4+ Qxb4 15. Bd3 Bxd3 16. Rxd3 Ke7 17. g3 b6 18. Rb3 Qa4 19. Ra3 Qb4 20. Rb3 Qa4 21. Ra3 Qb4 22. Rb3 Qa4 23. Qe1 Qb4 24. Ra3 Rhc8 25. Qe2 Rh8 26. Rd1 Rhc8 27. Rdd3 Qb5 28. Qh5 h6 29. Rab3 Qa4 30. Kb1 Rc4 1/2-1/2

[Event "Western Asian Girls Chess-ch 2023"]
[Site "Colombo"]
[Date "2023.12.02"]
[Round "5.6"]
[White "Bayrambayeva, Ogulsuray"]
[Black "Rathnayake, R M Dulinma Hemalni"]
[Result "0-1"]
[ECO "E15"]
[WhiteElo "1909"]
[BlackElo "1532"]
[Annotator "NA RC"]
[PlyCount "116"]
[EventDate "2023.11.30"]
[EventCountry "SRI"]
[SourceTitle "playchess.com"]
[Source "ChessBase"]
[SourceQuality "1"]
[TimeControl "5400+30"]

1. d4 Nf6 2. c4 e6 3. Nf3 d5 4. g3 Bb4+ 5. Bd2 Be7 6. Bg2 O-O 7. O-O c6 8. Qc2 b6 9. b3 Ba6 10. Re1 Nbd7 11. Bf4 Rc8 12. Nbd2 Nh5 13. Be3 Nhf6 14. h4 Bd6 15. Bg5 h6 16. Bxf6 Qxf6 17. Rad1 c5 18. cxd5 exd5 19. dxc5 Nxc5 20. Qb1 Rfe8 21. e4 Bd3 22. Qa1 Qxa1 23. Rxa1 dxe4 24. Nh2 Be5 25. Rac1 Bb2 26. Rcd1 Bc2 27. Nc4 Bxd1 28. Rxd1 Be5 29. Ng4 Bb8 30. Nge3 Rcd8 31. Nd5 Nd3 32. Bxe4 Rxe4 33. Rxd3 Rde8 34. Nce3 Kf8 35. Kg2 Be5 36. b4 Rd4 37. Ra3 Rd8 38. f4 Bb8 39. Rc3 Ke8 40. Nc7+ Bxc7 41. Rxc7 R4d7 42. Rc6 Rd2+ 43. Kf3 Rxa2 44. Nf5 Kf8 45. Rc7 a5 46. bxa5 bxa5 47. Ra7 h5 48. Ke4 g6 49. Nh6 Re2+ 50. Kf3 Re7 51. Rxa5 Kg7 52. Nf5+ gxf5 53. Rxf5 Rd3+ 54. Kf2 Kg6 55. Rg5+ Kh6 56. Rg8 Ree3 57. Rg5 f6 58. Rg8 Kh7 0-1

[Event "Western Asian Girls Chess-ch 2023"]
[Site "Colombo"]
[Date "2023.12.02"]
[Round "5.7"]
[White "Shohradova, Lala"]
[Black "Ramanayake, Nemindi Linaya"]
[Result "1-0"]
[ECO "E11"]
[WhiteElo "1846"]
[BlackElo "1361"]
[Annotator "NA RC"]
[PlyCount "91"]
[EventDate "2023.11.30"]
[EventCountry "SRI"]
[SourceTitle "playchess.com"]
[Source "ChessBase"]
[SourceQuality "1"]
[TimeControl "5400+30"]

1. d4 Nf6 2. c4 e6 3. Nf3 Bb4+ 4. Bd2 Qe7 5. g3 Bxd2+ 6. Nbxd2 d6 7. Bg2 O-O 8. O-O e5 9. e4 Nbd7 10. d5 Re8 11. b4 Nf8 12. Qc2 c6 13. Rfc1 Bd7 14. Ne1 Ng6 15. a4 Rec8 16. Qb3 h5 17. Nd3 h4 18. c5 hxg3 19. hxg3 Ne8 20. Nc4 Rab8 21. Qb2 f6 22. cxd6 Nxd6 23. Nxd6 Qxd6 24. Nc5 Ne7 25. Qb3 Kf8 26. Qf3 cxd5 27. exd5 b6 28. Nxd7+ Qxd7 29. Rd1 Qd6 30. Bh3 Rc4 31. Be6 Ng8 32. Qh5 Nh6 33. b5 Rd8 34. Rdc1 Qc5 35. Qd1 Nf7 36. Rxc4 Qxc4 37. Rc1 Qd4 38. Qh5 Nh6 39. Rc7 Qa1+ 40. Kg2 Qd4 41. Rf7+ Kg8 42. Rxf6+ Kh7 43. Rxh6+ gxh6 44. Qf7+ Kh8 45. Qf6+ Kh7 46. Qe7+ 1-0

[Event "Western Asian Girls Chess-ch 2023"]
[Site "Colombo"]
[Date "2023.12.02"]
[Round "5.8"]
[White "Newansa, M Esandi"]
[Black "Sasvatha A"]
[Result "0-1"]
[ECO "D00"]
[WhiteElo "1531"]
[BlackElo "1568"]
[Annotator "NA RC"]
[PlyCount "60"]
[EventDate "2023.11.30"]
[EventCountry "SRI"]
[SourceTitle "playchess.com"]
[Source "ChessBase"]
[SourceQuality "1"]
[TimeControl "5400+30"]

1. d4 d5 2. Bf4 Nf6 3. e3 c5 4. c3 Nc6 5. Nd2 Bf5 6. Ngf3 Qb6 7. Nh4 Bd7 8. Qb3 c4 9. Qc2 h6 10. Nhf3 Bg4 11. Be2 e6 12. b3 Bf5 13. Qb2 Rc8 14. h3 Nb4 15. O-O-O cxb3 16. Nb1 Ne4 17. axb3 Nxc3 18. Nxc3 Rxc3+ 19. Qxc3 Na2+ 20. Kb2 Nxc3 21. Rc1 Qb4 22. Ra1 Nxe2 23. Rxa7 Qc3+ 24. Ka2 Nc1+ 25. Rxc1 Qxc1 26. Ra8+ Ke7 27. Ra7 Bb1+ 28. Ka1 Bc2+ 29. Ka2 Qb1+ 30. Ka3 Qxb3# 0-1